 Dungeon Crawl Stone Soup version 0.27.1 (webtiles) character file.

Game seed: 12132739822457645424

74 ZARRMARR the Conjurer (level 4, 0/27 HPs)
             Began as an Octopode Conjurer on Sept 5, 2021.
             Succumbed to an adder's poison
             ... on level 3 of the Dungeon.
             The game lasted 00:05:09 (2484 turns).

ZARRMARR the Conjurer (Octopode Conjurer)           Turns: 2484, Time: 00:05:10

Health: 0/27       AC:  1    Str:  5 (6)  XL:     4   Next: 30%
Magic:  1/8        EV: 13    Int: 18 (21) God:
Gold:   118        SH:  0    Dex:  9 (12) Spells: 8/9 levels left

rFire    . . .     SeeInvis .   (no weapon)
rCold    . . .     Faith    .   (no shield)
rNeg     . . .     Spirit   .   (helmet restricted)
rPois    .         Reflect  .   (no amulet)
rElec    .         Harm     .   (no ring)
rCorr    .         Rampage  .   (no ring)
Will     .....                  (no ring)
Stlth    +++.......             (no ring)
HPRegen  0.09/turn              (no ring)
MPRegen  0.11/turn              (no ring)
                                (no ring)
                                (no ring)

@: lethally poisoned (0 -> -4), very slightly contaminated, invisible
A: almost no armour, amphibious, 8 rings, camouflage 1, gelatinous body 1,
(nimble swimmer 1), tentacles, agile 1, evolution 1, subdued magic 1
a: no special abilities


You were on level 3 of the Dungeon.
You visited 1 branch of the dungeon, and saw 3 of its levels.

You collected 118 gold pieces.

Inventory:

Scrolls
 e - a scroll of identify {unknown}
 g - a scroll of enchant armour {unknown}
Potions
 b - a potion of mutation
 d - a potion of invisibility


   Skills:
 - Level 2.0 Dodging
 - Level 2.6 Stealth
 + Level 3.2 Spellcasting
 + Level 4.9 Conjurations


You had 8 spell levels left.
You knew the following spells:

 Your Spells              Type           Power      Damage    Failure   Level
a - Magic Dart            Conj           60%        1d6       1%          1

Your spell library contained the following spells:

 Spells                   Type           Power      Damage    Failure   Level
 Searing Ray              Conj           30%        3d4       2%          2
 Dazzling Flash           Conj/Hex       18%        N/A       14%         3
 Call Imp                 Summ           2%         N/A       21%         2
 Mephitic Cloud           Conj/Pois/Air  6%         N/A       21%         3
 Fulminant Prism          Conj/Hex       4%         3d6       45%         4
 Iskenderun's Mystic Bla  Conj/Tloc      9%         2d4       45%         4


Dungeon Overview and Level Annotations

Branches:
Dungeon (3/15)

Altars:

Annotations:
D:3 exclusion: phantom, Robin


Innate Abilities, Weirdness & Mutations

You cannot wear most types of armour.
You are amphibious.
You can wear up to eight rings at the same time.
Your skin changes colour to match your surroundings (Stealth+).
Your rubbery body absorbs attacks. (AC +1, EV +1)
((You are camouflaged near water. (Stealth+)))
You have tentacles for arms and can constrict up to eight enemies at once.
You are agile. (Dex +2)
You evolve.
Your spells are a little easier to cast, but a little less powerful.


Message History

Casting: Magic Dart (safe; 1% risk of failure)
Confirm with . or Enter, or press ? or * to list all spells.
Aiming: Magic Dart (safe; 1% risk of failure)
Press: ? - help, Shift-Dir - straight line, f - adder
Aim: an adder (100% to hit)
The magic dart hits the adder.
The adder is moderately wounded.
The adder barely misses you. The adder bites you.
* * * LOW HITPOINT WARNING * * *
You are poisoned.
The adder poisons you!
Casting: Magic Dart (safe; 1% risk of failure)
Confirm with . or Enter, or press ? or * to list all spells.
Aiming: Magic Dart (safe; 1% risk of failure)
Press: ? - help, Shift-Dir - straight line, f/p - adder
Aim: an adder (moderately wounded, 100% to hit)
The magic dart hits the adder.
The adder is severely wounded.
You feel sick. The adder barely misses you.
Unknown command.
Casting: Magic Dart (safe; 1% risk of failure)
Confirm with . or Enter, or press ? or * to list all spells.
Aiming: Magic Dart (safe; 1% risk of failure)
Press: ? - help, Shift-Dir - straight line, f/p - adder
Aim: an adder (severely wounded, 100% to hit)
The magic dart hits the adder.
The adder is almost dead.
You feel sick. The adder bites you.
* * * LOW HITPOINT WARNING * * *
You are lethally poisoned!
The adder poisons you!
As you read the scroll labelled QOARGH WEOJA, it crumbles to dust.
The creatures around you are filled with an inner flame!
It was a scroll of immolation.
* * * LOW HITPOINT WARNING * * *
You feel sick. The adder closely misses you.
Unknown command.
As you read the scroll labelled ERUSEGE NOENA, it crumbles to dust.
The scroll dissolves into smoke.
It was a scroll of fog.
You die...

............#...'..........#
..........###..##########.#
..>.....## ##.......# #.#
....... #.#....#...# #.# #
....# .##.#..^..# #.#
#.###..# .####....# #.#
#.....## §§§##...# #.#
####...#### #S##....# #.#
#....#.## ##@#.....# #.#
#....)..# #§§§§....# #.#
#......## ##§#§#...##.#.#
#####.......###..#.#...##.#.#
.......####..#...#.#...#..#.#
.####### #....#.#.#...#..#.#
.# #...##...#...#..#.# .#
#.####.###...#..#.# .#
#.########g..g..#.#


You could see an adder (inner flame).

Vanquished Creatures
  4 adders
  A worm (D:2)
  A dart slug (D:3)
  An endoplasm (D:2)
  2 giant cockroaches
  6 goblins
  6 hobgoblins
  4 quokkas
  4 ball pythons
  3 frilled lizards
  2 rats (D:2)
34 creatures vanquished.

Notes
Turn   | Place    | Note
-------+----------+-------------------------------------------
     0 | D:1      | ZARRMARR the Octopode Conjurer began the quest for the Orb.
     0 | D:1      | Reached XP level 1. HP: 11/11 MP: 3/3
   635 | D:2      | Reached XP level 2. HP: 17/17 MP: 1/5
   794 | D:2      | Reached XP level 3. HP: 21/21 MP: 1/7
  1746 | D:3      | Noticed Robin
  1877 | D:3      | Noticed a phantom
  1951 | D:3      | Reached XP level 4. HP: 17/27 MP: 3/8
  2474 | D:3      | Gained mutation: You are agile. (Dex +2) [potion of
                  | mutation]
  2474 | D:3      | Gained mutation: You evolve. [potion of mutation]
  2474 | D:3      | Gained mutation: Your spells are a little easier to cast,
                  | but a little less powerful. [potion of mutation]
  2483 | D:3      | HP: 1/27 [poisoned by an adder]
  2484 | D:3      | Succumbed to an adder's poison

Illustrated notes

Levels and vault maps discovered:
D:1:      dpeg_arrival_short_road, layout_rooms
D:2:      layout_loops_ring, grunt_ministairs_5
D:3:      minmay_chambers_of_threes, layout_basic, serial_shops,
          nicolae_shop_trees, minmay_fractal_squares_gapless_5, uniq_robin

Skill      XL: |  1  2  3 |
---------------+----------+-----
Spellcasting   | 3 |  3.2
Dodging        | |  2.0
Stealth        | |  2.6
Conjurations   | |  4.9

Action                   |  1- 3 |  4- 6 || total
-------------------------+-------+-------++-------
Melee: Unarmed           |     8 |     4 ||    12
       Constrict         |     2 |     1 ||     3
       Tentacles         |     1 |       ||     1
 Cast: Magic Dart        |    54 |    18 ||    72
  Use: Potion            |       |     3 ||     3
       Scroll            |       |     2 ||     2
Dodge: Dodged            |     7 |    14 ||    21
